 Dungeon Crawl Stone Soup version 0.31-a0-1074-g0b22e4e0f1 (webtiles) character file.

Game seed: 8243763382941296239

71 Drazool the Magician (level 4, 0/31 HPs)
             Began as a Djinni Fire Elementalist on Dec 8, 2023.
             Killed from afar by an orc wizard (5 damage)
             ... with a magic dart
             ... on level 3 of the Dungeon.
             The game lasted 00:04:02 (1730 turns).

Drazool the Magician (Djinni Fire Elementalist)     Turns: 1730, Time: 00:04:02

Health: 0/31       AC:  2    Str:  7    XL:     4   Next: 47%
Gold:   164        EV: 12    Int: 18    God:
                   SH:  0    Dex: 14

rFire   + + .        (no weapon)
rCold   x . .        (no shield)
rNeg    . . .        a - +0 robe
rPois   ∞            (no helmet)
rElec   .            (no cloak)
rCorr   .            (no gloves)
SInv    .            (boots unavailable)
Will    .....        (no amulet)
Stlth   ++           (no ring)
HPRegen 0.25/turn    (no ring)
MPRegen 0.00/turn

%: infuse magic (-1 HP)
@: brilliant, attractive, flying
A: sickness immunity, fire resistance 2, cold vulnerability 1, float, innate
caster, HP casting, extra vitality 1
a: no special abilities


You were on level 3 of the Dungeon.
You visited 1 branch of the dungeon, and saw 3 of its levels.

You collected 164 gold pieces.


Innate Abilities, Weirdness & Mutations

You are immune to sickness and miasma.
You are immune to poison.
Your flesh is very heat resistant. (rF++)
You are vulnerable to cold. (rC-)
You float through the air rather than walking.
You learn spells naturally, not from books.
Your magical power is your life essence.
You have superior vitality. (+4 MHP)


   Skills:
 - Level 2.1 Dodging
 - Level 1.5 Stealth
 + Level 4.1 Spellcasting
 + Level 4.1 Conjurations
 + Level 4.1 Hexes
   Level 0.0 Charms
 + Level 4.1 Summonings
 + Level 4.1 Necromancy
 + Level 4.1 Translocations
 + Level 4.1 Transmutations
 + Level 4.1 Fire Magic
 + Level 4.1 Ice Magic
 + Level 4.1 Air Magic
 + Level 4.1 Earth Magic
 + Level 4.1 Poison Magic


You knew the following spells:

 Your Spells              Type           Power      Damage    Failure   Level
f - Foxfire               Conj/Fire      100%       2x1d9     2%          1
r - Inner Flame           Hex/Fire       28%        N/A       8%          3
z - Sting                 Tmut/Pois      100%       1d8       2%          1
X - Scorch                Fire           56%        2d7       4%          2
Y - Volatile Blastmotes   Fire/Tloc      56%        2d14      8%          3
Z - Flame Wave            Conj/Fire      28%        2d9       26%         4
Your spell library was empty.

Inventory:

Armour
 a - a +0 robe (worn)
 d - a +0 cloak
Scrolls
 c - a scroll of enchant weapon {unknown}
 f - a scroll of silence {unknown}
 j - 2 scrolls of noise {unknown}
 l - a scroll of identify {unknown}
Potions
 b - 2 potions of attraction
 e - a potion of cancellation {unknown}
 h - a potion of invisibility {unknown}
 m - a potion of degeneration {unknown}

Dungeon Overview and Level Annotations

Branches:
Dungeon (3/15)

Altars:
Yredelemnul

Shops:
D:2

: ....# #.# ### #.###..## ###▒.
..†.####.###≈###......# #..'.
###.##..##≈≈≈≈≈###..#.#######.#▒▒
# #.##.##≈≈≈≈≈≈≈##..#.##.........
# #....#≈≈≈....≈≈#..#.##.........
###..###≈~~▒▓▓▒{≈####.##.........
.....8.8.8▓▓..▓▓≈≈##..##.........
..#..)....')..⚑▓≈≈##.###(........
..##.8.8.8▓▓..▓▓@≈##.###.........
#..#.###≈~~▒▓▓▒.≈##..............
##.#.# #≈≈≈....≈≈#.>.............
##.#.# ##≈≈≈≈≈≈≈##......#........
##.#.#####≈≈≈≈≈#####......#######
##.......###≈###.....######
.........# ### ####### ##.......#
#########


There were no monsters in sight!


Message History

You feel clever all of a sudden. Something completely misses you.
It was a potion of magic.
Magic washes over you without effect.
You hear some strange, mumbled words.
A magic dart appears from out of thin air!
The magic dart hits you!
* * * LOW HITPOINT WARNING * * *
Unknown command.
It was a potion of curing.
You feel better.
You hear some strange, mumbled words.
You are confused.
Okay, then.
You hear some strange, mumbled words.
A magic dart appears from out of thin air!
The magic dart hits you!
* * * LOW HITPOINT WARNING * * *
Unknown command.
You bump into the granite statue.
Something hits you but does no damage.
Unknown command.
Something hits you.
* * * LOW HITPOINT WARNING * * *
Unknown command.
You feel less confused. Something is attracted toward you.
Something hits you but does no damage. Something hits you.
* * * LOW HITPOINT WARNING * * *
A magic dart appears from out of thin air!
The magic dart hits you.
You die...

Skill      XL: |  1  2  3  4 |
---------------+-------------+-----
Spellcasting   | 4 |  4.1
Conjurations   | 4 |  4.1
Hexes          | 4 |  4.1
Summonings     | 4 |  4.1
Necromancy     | 4 |  4.1
Translocations | 4 |  4.1
Transmutations | 4 |  4.1
Fire Magic     | 4 |  4.1
Ice Magic      | 4 |  4.1
Air Magic      | 4 |  4.1
Earth Magic    | 4 |  4.1
Poison Magic   | 4 |  4.1
Dodging        | |  2.1
Stealth        | |  1.5

Action                     |  1- 3 |  4- 6 || total
---------------------------+-------+-------++-------
   Cast: Foxfire           |    82 |    17 ||    99
         Scorch            |     1 |     1 ||     2
    Use: Potion            |       |     4 ||     4
 Armour: Robe              |       |    10 ||    10
  Dodge: Dodged            |     4 |     2 ||     6

Levels and vault maps discovered:
D:1:      dpeg_arrival_solitude, layout_basic, moated_statue
D:2:      layout_rooms, serial_shops, nicolae_shop_statue_plus,
          hangedman_decor_points
D:3:      layout_rooms, kennysheep_orc_sif_temple,
          nicolae_wu_jian_immortal_techniques,
          mainiacjoe_overflow_six_doors_small

Notes
Turn   | Place    | Note
-------+----------+-------------------------------------------
     0 | D:1      | Reached skill level 3 in Spellcasting
     0 | D:1      | Reached skill level 3 in Conjurations
     0 | D:1      | Reached skill level 3 in Hexes
     0 | D:1      | Reached skill level 3 in Summonings
     0 | D:1      | Reached skill level 3 in Necromancy
     0 | D:1      | Reached skill level 3 in Translocations
     0 | D:1      | Reached skill level 3 in Transmutations
     0 | D:1      | Reached skill level 3 in Fire Magic
     0 | D:1      | Reached skill level 3 in Ice Magic
     0 | D:1      | Reached skill level 3 in Air Magic
     0 | D:1      | Reached skill level 3 in Earth Magic
     0 | D:1      | Reached skill level 3 in Poison Magic
     0 | D:1      | Drazool the Djinni Fire Elementalist began the quest for
                  | the Orb.
     0 | D:1      | Drazool set off with the following spells memorised:
                  | Foxfire, Scorch, Volatile Blastmotes, Inner Flame, Flame
                  | Wave.
     0 | D:1      | Reached XP level 1. HP: 15/15 MP: 0/0
   117 | D:1      | Reached XP level 2. HP: 19/21 MP: 0/0
   770 | D:2      | Found Ebam's Book Shoppe.
   796 | D:2      | Reached XP level 3. HP: 21/25 MP: 0/0
   796 | D:2      | Learned a level 1 spell: Sting
  1290 | D:3      | Reached XP level 4. HP: 26/31 MP: 0/0
  1335 | D:3      | Reached skill level 4 in Spellcasting
  1335 | D:3      | Reached skill level 4 in Conjurations
  1335 | D:3      | Reached skill level 4 in Hexes
  1335 | D:3      | Reached skill level 4 in Summonings
  1335 | D:3      | Reached skill level 4 in Necromancy
  1335 | D:3      | Reached skill level 4 in Translocations
  1335 | D:3      | Reached skill level 4 in Transmutations
  1335 | D:3      | Reached skill level 4 in Fire Magic
  1335 | D:3      | Reached skill level 4 in Ice Magic
  1335 | D:3      | Reached skill level 4 in Air Magic
  1335 | D:3      | Reached skill level 4 in Earth Magic
  1335 | D:3      | Reached skill level 4 in Poison Magic
  1398 | D:3      | Found a basalt altar of Yredelemnul.
  1730 | D:3      | Killed from afar by an orc wizard

Vanquished Creatures
  2 adders
  A worm (D:2)
  A dart slug (D:3)
  2 orcs (D:3)
  5 endoplasms
  A giant cockroach (D:1)
  3 goblins
  4 hobgoblins
  3 kobolds
  3 quokkas
  3 ball pythons
  A bat (D:1)
  3 frilled lizards
  4 rats
36 creatures vanquished.

Vanquished Creatures (others)
  An orc wizard (D:3)
  169 foxfires
170 creatures vanquished.

Grand Total: 206 creatures vanquished

Table legend: (Time is in decaauts)
 A = Elapsed time spent in this place.
 B = Non-inter-level travel time spent in this place.
 C = Inter-level travel time spent in this place.
 D = Time resting spent in this place.
 E = Time spent auto-exploring this place.
 F = Levels seen in this place.
 G = Mean time per level.
                   A        B        C        D        E       F      G
               +--------+--------+--------+--------+--------+-----+--------+
         Total |   1729 |   1690 |     39 |      0 |   1449 |   3 |  576.3 |
       Dungeon |   1729 |   1690 |     39 |      0 |   1449 |   3 |  576.3 |
               +--------+--------+--------+--------+--------+-----+--------+

Top non-repeatable levels by time:
     D:1: 746 daAuts
     D:2: 508 daAuts
     D:3: 474 daAuts

Table legend:
 A = Non-vault XP
 B = Vault XP
 C = Vault XP percentage of total XP
 D = Non-vault monster count
 E = Vault monster count
 F = Vault count percentage of total count
                 A         B        C        D         E       F
            +---------+---------+-------+---------+---------+-------
      Total |      86 |      16 |  15.7 |      35 |       2 |   5.4
            +---------+---------+-------+---------+---------+-------
        D:1 |      22 |       0 |   0.0 |      14 |       0 |   0.0
        D:2 |      38 |       0 |   0.0 |      14 |       0 |   0.0
        D:3 |      26 |      16 |  38.1 |       7 |       2 |  22.2
            +---------+---------+-------+---------+---------+-------
